 Dungeon Crawl Stone Soup version 0.28.0-43-g3370ac3207 (webtiles) character file.

Game seed: 15946074562298812457

501777 raph the Phalangite (level 25, -4/301 (322) HPs)
             Began as a Merfolk Berserker on Mar 13, 2022.
             Was an Elder of Trog.
             Slain by a vault warden
             ... wielding a +1 bardiche of venom
              (46 damage)
             ... on level 5 of the Vaults.
             The game lasted 02:26:03 (75159 turns).

raph the Phalangite (Merfolk Berserker)            Turns: 75159, Time: 02:26:03

HP:   -4/301 (322)  AC: 39    Str: 26    XL:     25   Next: 23%
MP:   23/23         EV: 28    Int: 10    God:    Trog [****..]
Gold: 2089          SH:  0    Dex: 27    Spells: 24/24 levels left

rFire   . . .      SeeInvis +   a - +7 bardiche (vorpal)
rCold   . . .      Faith    .   (shield currently unavailable)
rNeg    . . .      Spirit   .   L - +5 shadow dragon scales
rPois   +          Reflect  .   y - +2 helmet
rElec   +          Harm     .   h - +0 cloak "Suggie" {rPois Stlth+}
rCorr   .          Rampage  ∞   X - +2 pair of gloves
Will    ++...                   W - +3 pair of seven-league boots {Rampage+∞}
Stlth   ..........              M - amulet "Jywah" {Regen+ Str+5 Int+3}
HPRegen 2.40/turn               S - +4 ring of protection
MPRegen 0.18/turn               p - ring of Pavez {Fly rElec Will- Dex+6 SInv}

@: berserking, strong-willed, flying, regenerating, studying 2 skills, drained,
very quick
A: (nimble swimmer 2), mertail, MP-powered wands
}: 2/15 runes: barnacled, gossamer
a: Renounce Religion, Berserk, Trog's Hand, Brothers in Arms


You were on level 5 of the Vaults.
You worshipped Trog.
Trog was greatly pleased with you.
You visited 8 branches of the dungeon, and saw 43 of its levels.
You visited the Abyss 5 times.
You visited 1 bazaar.
You also visited: Bailey and Volcano.

You collected 7383 gold pieces.
You spent 5294 gold pieces at shops.

Inventory:

Hand Weapons
 a - a +7 vorpal bardiche (weapon)
 b - a +3 demon trident of freezing
Missiles
 c - 9 throwing nets
 x - a boomerang (quivered)
 C - 12 boomerangs of dispersal
 E - 13 javelins
 I - 14 silver javelins
Armour
 h - the +0 cloak "Suggie" (worn) {rPois Stlth+}
   (You bought it in a shop on level 4 of the Vaults)

   rPois:     It protects you from poison.
   Stlth:     It makes you more stealthy.
 r - a +2 pair of boots of stealth
 y - a +2 helmet (worn)
 L - +5 shadow dragon scales (worn)
 W - the +3 pair of seven-league boots (worn) {Rampage+∞}
   (You found it on level 2 of the Depths)

   Its wearer moves as far as possible in that direction when moving towards
   enemies.
 X - a +2 pair of gloves (worn)
Jewellery
 p - the ring of Pavez (right hand) {Fly rElec Will- Dex+6 SInv}
   (You acquired it on level 1 of the Vaults)

   [ring of flight]

   Dex:       It affects your dexterity (+6).
   rElec:     It insulates you from electricity.
   SInv:      It lets you see invisible.
   Fly:       It grants you flight.
   Will:      It decreases your willpower.
 D - the ring of Deisuxipt {rPois rC+ rN+ Will-}
   (You found it on level 3 of the Elven Halls)

   [ring of protection from cold]

   rC:        It protects you from cold.
   rPois:     It protects you from poison.
   rN:        It protects you from negative energy.
   Will:      It decreases your willpower.
 H - the amulet "Jeiju" {Reflect Drain rC+ Will+ Dex+5 SH+5}
   (You took it off a deep elf pyromancer on level 9 of the Dungeon)

   [amulet of reflection]

   It reflects blocked missile attacks.
   Dex:       It affects your dexterity (+5).
   rC:        It protects you from cold.
   Drain:     It drains your maximum health when unequipped.
   SH:        It affects your SH (+5).
   Will:      It increases your willpower.
 M - the amulet "Jywah" (around neck) {Regen+ Str+5 Int+3}
   (You found it on level 9 of the Dungeon)

   [amulet of regeneration]

   Str:       It affects your strength (+5).
   Int:       It affects your intelligence (+3).
   Regen:     It increases your rate of health regeneration.
 S - a +4 ring of protection (left hand)
Wands
 i - a wand of digging (9)
 u - a wand of mindburst (62)
 B - a wand of paralysis (4)
 O - a wand of iceblast (8)
 R - a wand of flame (13)
 U - a wand of acid (22)
Scrolls
 e - 17 scrolls of teleportation
 g - 3 scrolls of brand weapon
 k - 5 scrolls of fear
 s - 5 scrolls of fog
 v - a scroll of summoning
 A - 8 scrolls of magic mapping
 J - 4 scrolls of silence
 P - 5 scrolls of holy word
Potions
 d - 3 potions of resistance
 f - 5 potions of mutation
 l - 9 potions of curing
 w - 5 potions of cancellation
 z - 6 potions of haste
 F - 12 potions of ambrosia
 N - 7 potions of might
 V - 5 potions of invisibility
 Z - 3 potions of heal wounds
Miscellaneous
 j - a box of beasts
 m - a phantom mirror
 t - a condenser vane
 G - a phial of floods
 Q - a lightning rod (4/4)


   Skills:
 + Level 21.4 Fighting
 - Level 24.0 Polearms
 + Level 18.3 Throwing
 + Level 14.5 Armour
 + Level 23.2 Dodging
 + Level 16.1 Stealth
 - Level 6.5 Shields
 + Level 15.6 Evocations


You had 24 spell levels left.
You didn't know any spells.
Your spell library was empty.

Dungeon Overview and Level Annotations

Branches:
Dungeon (15/15)            Temple (0/1) D:5            Lair (6/6) D:8
 Shoals (4/4) Lair:2       Spider (4/4) Lair:3        Slime (0/5) Lair:6
    Orc (2/2) D:11            Elf (3/3) Orc:2        Vaults (5/5) D:13
  Crypt (0/3) Vaults:2     Depths (4/4) D:15            Zot (0/5) Depths:4
 Bailey (visited)         Volcano (visited)

Altars:
Ashenzari
Gozag
Hepliaklqana
Kikubaaqudgha
Makhleb
Qazlal
Ru
Sif Muna
Vehumet
Wu Jian
Zin
Beogh
Lugonu

Shops:
D:10 *   Orc:1 (   Orc:2 :[!!   Elf:1 :(   Shoals:1 [   Shoals:2 ?[?:(
Vaults:1 ?   Vaults:3 !   Vaults:4 *   Depths:1 *

Portals:
Hell: Depths:1 Depths:2 Depths:3 Depths:4
Abyss: Lair:6 Depths:3
Pandemonium: Depths:2 Depths:4
Ziggurat: Depths:4

Annotations:
Shoals:1 2 transporters, theElss's ghost, journeyman GrBe
Elf:3 2 transporters, JackAllcraft's ghost, adept GnWn


Innate Abilities, Weirdness & Mutations

((You are very nimble when in or above water. (Stealth+, EV+, Speed+++)))
Your lower body shifts to a powerful aquatic tail in water.
You expend magic power (3 MP) to strengthen your wands.


Message History

Your orc knight hits the ironbound convoker with a +0 great mace!!
The vault warden activates a sealing rune.
The ironbound convoker points at the deep elf archer and mumbles some strange words.
The deep elf archer seems to grow stronger.
You slice the vault warden!!
The vault warden is severely wounded.
The vault warden seems less brilliant.
Your orc knight hits the ironbound convoker with a +0 great mace!!
The vault warden barely misses you.
You slash the vault warden!
The vault warden is severely wounded.
The ironbound convoker barely misses you.
Your orc knight hits the vault warden with a +0 great mace!!
You slice the vault warden!!
The vault warden is almost dead.
Your shock serpent changes into a dream sheep!
The ironbound preserver hits you with a +0 morningstar!!
* * * LOW HITPOINT WARNING * * *
The vault warden hits you but does no damage.
The ironbound convoker begins to recite a word of recall!
A red film seems to cover your vision as you go berserk!
You feel yourself moving faster!
You feel mighty!
Your orc knight hits the ironbound convoker with a +0 great mace!!
Your orc warrior hits the ironbound preserver with a +0 short sword!
The ironbound preserver completely misses you.
The vault warden hits you with a +1 bardiche of venom!!!
* * * LOW HITPOINT WARNING * * *
Your orc warrior closely misses the vault warden.
Your dream sheep barely misses the vault warden.
You closely miss the vault warden.
The vault warden is almost dead.
Your orc knight hits the ironbound convoker with a +0 great mace!!
The ironbound convoker dies!
Trog accepts your kill.
Trog appreciates your killing of a magic user.
The ironbound preserver gestures wildly while chanting.
The ironbound preserver is healed somewhat.
Your orc warrior hits the ironbound preserver with a +0 short sword!
The vault warden hits you with a +1 bardiche of venom!!!
You die...

,,,,,,.#....,#....#,..#,,,*,,*,∩,
,,,,,,*##..,*#....#,..#,,,*,,*,,,
,,*,,** ##.**#....#,,,**+**,,**+*
,***,,***.,,*#....#,,,,,,,,,,,,,,
**,**,,*..,,,#....#,,,,,,,,,,,,,,
,,,,**,,,,,,*#....#,,,*****,,**+*
,,,**,,,,,,**#....#,,,*,,,*,,*,,,
,,**,,,,,,,,*#..oo#,,,*,,,*,,*,,,
,**,,*,,,,,,,#oY@o#,,,*,,,*,,*,,,
**,,***,,,,,*#.pp)#,,,**+**,,**+*
*,,** **,,,**#..e.#,,,,,,,,,,,,,,
,,,,*##....,*#....#,,,,,,,,,,,,,,
,,,,,#.....,,#....#,,,**+**,,**+*
,,,,,......,*#....#,,.#,,,*,,*,,,
,,,,,,,....#*#....#...#,,,*,,*,∩,
,,,,,,,,....##....#...#****,,****
,*,,,*,,,#...#...e#....,,,,,,,,,,


You could see an ironbound preserver (strong, empowered), a vault warden
(strong, sheltered, ally target), a deep elf archer (strong, repels missiles,
sheltered), a friendly orc knight (summoned), 2 friendly orc warriors, a
friendly dream sheep shaped shifter (summoned) and a friendly orc (summoned,
strong).

Vanquished Creatures
  Mara (Vaults:3)
  Boris (Depths:4)
  Saint Roka (Orc:2)
  Bai Suzhen (Vaults:4)
  Xtahua (Vaults:3)
  2 golden dragons
  2 bone dragons
  Jory (Vaults:4)
  Arachne (Spider:4)
  A Hell Sentinel (Abyss:3)
  2 walking crystal tomes
  3 liches
  4 tentacled monstrosities
  Asterion (Spider:4)
  4 deep elf blademasters
  A titan (Vaults:5)
  6 deep elf master archers (Elf:3)
  4 tengu reavers
  7 tentacled starspawn
  2 storm dragons
  7 sphinxes
  5 shadow dragons
  7 fire giants
  8 emperor scorpions
  12 deep elf sorcerers
  2 iron dragons (Vaults:4)
  17 vault wardens
  5 frost giants
  Aizul (Elf:2)
  4 deep elf elementalists
  4 ghost moths
  2 draconian shifters (Depths:4)
  2 orc warlords (Vaults:4)
  20 very ugly things
  A caustic shrike zombie (Abyss:3)
  16 ironbound preservers
  A draconian scorcher (Depths:4)
  2 spriggan defenders (Depths:2)
  3 broodmothers
  15 stone giants
  7 deep elf demonologists
  9 ironbound thunderhulks
  2 vampire knights
  An entropy weaver (shapeshifter) (Depths:2)
  2 purple draconians (Depths:4)
  3 minotaurs (Shoals:4)
  A yellow draconian (Depths:4)
  7 deep elf annihilators
  2 green draconians
  7 spark wasps
  14 dire elephants
  9 entropy weavers
  2 white draconians (Depths:4)
  Snorg (D:13)
  6 merfolk impalers
  An eidolon (Abyss:4)
  12 fire dragons
  4 crystal guardians
  5 deep elf death magi
  4 deep elf high priests
  13 ettins
  11 ice dragons
  A naga warrior (Abyss:3)
  10 yaktaur captains
  4 rakshasas
  7 spriggan air magi
  12 hydras
  8 great orbs of eyes
  7 boulder beetles
  2 peacekeepers
  13 ironbound frosthearts
  27 vault guards
  A catoblepas (Lair:6)
  An ogre mage (Orc:2)
  Erolcha (Orc:2)
  A jorogumo (Spider:4)
  A merfolk avatar (Shoals:1)
  12 centaur warriors
  A death knight (Vaults:2)
  6 two-headed ogres
  2 radroaches (Spider:3)
  11 satyrs (Shoals:4)
  An alligator snapping turtle (Shoals:2)
  7 death yaks (Lair:6)
  4 merfolk aquamancers
  5 deep troll shamans
  26 dancing weapons
  An orc high priest (Elf:1)
  A hell hog (Abyss:3)
  A vampire mage (Depths:2)
  10 tengu warriors
  2 deep troll earth magi
  12 thrashing horrors
  Urug (Lair:5)
  5 spriggan berserkers
  9 hell knights
  The ghost of hurston the Protected, a novice GrFi of Gozag (D:7)
  23 deep elf knights
  6 wretched stars
  2 sun demons (Shoals:3)
  Nergalle (Lair:2)
  3 iron trolls
  A shadow wraith (Abyss:2)
  2 pharaoh ants
  A sun moth (Spider:4)
  A skeletal warrior (Vaults:2)
  9 orb spiders
  18 deep elf archers
  6 glowing orange brains
  7 steelbarb worms
  A flayed ghost (Depths:2)
  A storm dragon skeleton (Vaults:2)
  3 spatial maelstroms
  An orb spider (shapeshifter) (Depths:4)
  7 starcursed masses
  19 sea snakes
  43 deep trolls
  32 deep elf zephyrmancers
  29 harpies
  9 ironbound convokers
  12 lindwurms
  10 orc knights
  The ghost of NiggerDarts the Fighter, a novice HuFi (D:6)
  43 deep elf pyromancers
  14 wolf spiders
  5 phantasmal warriors
  A lindwurm (shapeshifter) (Vaults:5)
  A human zombie (Vaults:2)
  15 wizards
  A stone giant zombie (Vaults:2)
  5 necromancers
  17 fauns
  22 manticores
  11 orc sorcerers
  2 salamanders
  50 ugly things
  10 cyclopes
  A frost giant skeleton (Vaults:2)
  An oklob plant (Lair:6)
  A shining eye (shapeshifter) (Vaults:2)
  A moth of wrath (Spider:3)
  7 water nymphs
  7 elephants
  A guardian serpent (shapeshifter) (Abyss:2)
  Maurice (Orc:1)
  2 black mambas
  6 molten gargoyles (Volcano)
  6 merfolk sirens
  18 vault sentinels
  A guardian serpent (Depths:2)
  5 torpor snails
  7 smoke demons
  An apocalypse crab (Abyss:2)
  4 gargoyles
  An orange demon (Abyss:3)
  9 demonic crawlers
  2 elf zombies
  4 rime drakes (Lair:5)
  12 cane toads
  4 freezing wraiths
  4 efreet
  2 unseen horrors
  7 komodo dragons
  30 yaktaurs
  4 hellwings
  5 tengu conjurers
  5 kobold demonologists
  6 ancient zymes
  28 merfolk
  A yaktaur skeleton (Vaults:2)
  6 meliai
  8 trolls
  28 large abominations
  3 polar bears
  7 hornets
  12 raiju
  5 wind drakes
  6 snapping turtles
  A slime creature (shapeshifter) (Vaults:5)
  20 slime creatures
  32 tarantellas
  29 blink frogs
  20 dream sheep
  A dream sheep (shapeshifter) (Vaults:5)
  A flying skull (Abyss:3)
  A meliai zombie (D:10)
  25 jumping spiders
  20 culicivoras
  2 spriggans (Depths:1)
  6 air elementals
  A wraith (Abyss:3)
  4 vampires
  22 water elementals
  8 ynoxinuls
  3 wyverns
  A shadow (D:12)
  A human (shapeshifter) (D:15)
  5 fire elementals
  A basilisk (shapeshifter) (D:15)
  4 fire bats (Depths:1)
  74 yaks
  8 chaos spawn
  A steam dragon (D:8)
  67 redbacks
  11 neqoxecs
  9 basilisks
  Menkaure (D:4)
  8 wargs
  4 spatial vortices (Abyss:3)
  An acid dragon (D:12)
  28 water moccasins
  Duvessa (D:4)
  6 hell hounds
  30 orc warriors
  A meliai simulacrum (D:15)
  3 black bears
  An ice beast (D:7)
  A sky beast (D:8)
  A tengu (shapeshifter) (D:13)
  7 ogres
  A necrophage (D:5)
  13 wolves
  A boggart (shapeshifter) (Vaults:1)
  4 boggarts (Vaults:1)
  16 centaurs
  3 phantoms (D:6)
  5 kobold brigands
  12 bullfrogs
  4 gnoll sergeants
  5 earth elementals
  3 scorpions
  3 human skeletons (Vaults:2)
  23 small abominations
  Dowan (D:4)
  10 wights
  13 killer bees
  10 electric eels
  10 centaur zombies
  9 howler monkeys
  2 quasits
  2 jellies
  A hound (D:7)
  8 orc priests
  A bullfrog skeleton (D:6)
  A gnoll shaman (D:9)
  3 iguanas
  33 orc wizards
  Robin (D:4)
  3 howler monkey zombies
  A gnoll (shapeshifter) (Vaults:4)
  4 adders
  24 gnolls
  A howler monkey skeleton (D:7)
  A shadow imp (D:5)
  A white imp (D:7)
  4 ufetubi
  2 adder skeletons (D:4)
  3 worms
  4 dart slugs
  93 orcs
  3 endoplasms
  5 giant cockroaches
  8 goblins
  12 hobgoblins
  7 quokkas
  9 ball pythons
  4 bats
  A frilled lizard (D:2)
  19 kobolds
  2 rats
  A bush (Shoals:1)
  A lurking horror (Abyss:3)
  4 starspawn tentacles
2117 creatures vanquished.

Vanquished Creatures (collateral kills)
  Sojobo (Vaults:4)
  A titan (Depths:2)
  A tengu reaver (Depths:2)
  2 vault wardens (Vaults:4)
  A frost giant (Vaults:5)
  An ironbound preserver (Vaults:5)
  An ettin (Vaults:5)
  A fire dragon (Depths:2)
  A yaktaur captain (Vaults:5)
  A tengu warrior (Depths:2)
  A spriggan berserker (Depths:2)
  A steelbarb worm (Spider:4)
  A deep troll (Vaults:2)
  An ironbound convoker (Vaults:5)
  A wolf spider (Spider:4)
  A vault sentinel (Vaults:4)
  2 yaktaurs (Vaults:4)
  A demonic crawler (Spider:4)
  A blink frog (shapeshifter) (D:9)
  4 wolves (Lair:1)
  An orc priest (Orc:2)
  2 orc wizards (Orc:2)
  3 orcs (Orc:2)
31 creatures vanquished.

Vanquished Creatures (others)
  A lich (Vaults:5)
  A frost giant (Depths:2)
  A deep elf knight (Elf:1)
  A deep elf pyromancer (Elf:1)
  2 deep elf zephyrmancers
  An air elemental (Elf:2)
  A redback (Spider:4)
  An orc wizard (Orc:2)
  2 orcs (Orc:2)
  14 bushes
  111 fungi
  A lurking horror (Abyss:4)
  111 plants
  13 starspawn tentacles
  A withered plant (D:2)
262 creatures vanquished.

Grand Total: 2410 creatures vanquished

Notes
Turn   | Place    | Note
-------+----------+-------------------------------------------
     0 | D:1      | raph the Merfolk Berserker began the quest for the Orb.
     0 | D:1      | Reached XP level 1. HP: 18/18 MP: 1/1
   319 | D:1      | Reached skill level 5 in Polearms
   319 | D:1      | Reached XP level 2. HP: 8/24 MP: 2/2
  1400 | D:2      | Found a faded altar of an unknown god.
  1566 | D:2      | Reached skill level 6 in Polearms
  1566 | D:2      | Reached XP level 3. HP: 29/29 MP: 3/3
  2268 | D:2      | Reached ** piety under Trog
  2531 | D:3      | Reached skill level 7 in Polearms
  2531 | D:3      | Reached XP level 4. HP: 33/35 MP: 4/4
  2698 | D:3      | Found a radiant altar of Vehumet.
  2698 | D:3      | Found a broken altar of Ashenzari.
  2846 | D:3      | Reached skill level 8 in Polearms
  2846 | D:3      | Reached XP level 5. HP: 41/41 MP: 5/5
  3504 | D:4      | Noticed Menkaure
  3511 | D:4      | Killed Menkaure
  3512 | D:4      | Reached skill level 9 in Polearms
  3512 | D:4      | Reached XP level 6. HP: 47/47 MP: 6/6
  4072 | D:4      | Noticed Robin
  4089 | D:4      | Reached skill level 10 in Polearms
  4096 | D:4      | Killed Robin
  4429 | D:4      | Noticed Dowan
  4431 | D:4      | Noticed Duvessa
  4432 | D:4      | Killed Dowan
  4447 | D:4      | Killed Duvessa
  4448 | D:4      | Reached skill level 11 in Polearms
  4448 | D:4      | Reached XP level 7. HP: 48/52 MP: 7/7
  4736 | D:5      | Entered Level 5 of the Dungeon
  5016 | D:5      | Found a staircase to the Ecumenical Temple.
  5042 | D:5      | Reached skill level 12 in Polearms
  5476 | D:5      | Reached skill level 1 in Stealth
  5476 | D:5      | Reached skill level 1 in Shields
  5532 | D:5      | Reached XP level 8. HP: 60/60 MP: 8/8
  6432 | D:6      | Reached skill level 1 in Throwing
  6437 | D:6      | Reached skill level 5 in Dodging
  6437 | D:6      | Reached XP level 9. HP: 67/67 MP: 9/9
  6629 | D:6      | Reached skill level 5 in Fighting
  6752 | D:6      | Reached *** piety under Trog
  6922 | D:6      | Found a hazy altar of Hepliaklqana.
  6971 | D:6      | Found a runed translucent door.
  6971 | D:6      | Noticed NiggerDarts's ghost (novice HuFi)
  7924 | D:7      | Noticed hurston's ghost (novice GrFi)
  7925 | D:7      | Found a runed translucent door.
  8919 | D:8      | Reached skill level 5 in Stealth
  8988 | D:7      | Reached XP level 10. HP: 76/76 MP: 10/10
  9067 | D:7      | Reached skill level 13 in Polearms
  9573 | D:8      | Found an ornate altar of the Wu Jian Council.
  9977 | D:8      | Noticed a two-headed ogre
  9980 | D:8      | Found a shimmering blue altar of Sif Muna.
 10330 | D:8      | Found a staircase to the Lair.
 10376 | D:8      | Killed a two-headed ogre
 10377 | D:8      | Reached skill level 5 in Shields
 11175 | D:9      | Found a burning altar of Makhleb.
 11180 | D:9      | Found a glowing silver altar of Zin.
 11180 | D:9      | Noticed an angel
 11180 | D:9      | Noticed a blizzard demon
 11310 | D:9      | Noticed a two-headed ogre
 11317 | D:9      | Killed a two-headed ogre
 11837 | D:9      | Found a sacrificial altar of Ru.
 11920 | D:9      | Reached XP level 11. HP: 78/84 MP: 11/11
 12282 | D:9      | Reached **** piety under Trog
 12454 | D:9      | Noticed a tengu warrior
 12454 | D:9      | Noticed a purple ugly thing
 12460 | D:9      | Noticed a manticore
 12461 | D:9      | Killed a tengu warrior
 12462 | D:9      | Reached skill level 5 in Throwing
 12466 | D:9      | Killed a purple ugly thing
 12470 | D:9      | Noticed a cyclops
 12473 | D:9      | Identified the amulet "Jeiju" {Reflect Drain rC+ Will+
                  | Dex+5 SH+5}
 12473 | D:9      | Noticed a deep elf pyromancer
 12478 | D:9      | Noticed a boulder beetle
 12483 | D:9      | Killed a deep elf pyromancer
 12484 | D:9      | Reached skill level 14 in Polearms
 12487 | D:9      | Killed a manticore
 12490 | D:9      | Killed a cyclops
 12496 | D:9      | Killed a boulder beetle
 12497 | D:9      | Reached skill level 5 in Armour
 12723 | D:9      | Identified the amulet "Jywah" {Regen+ Str+5 Int+3}
 12731 | D:9      | Identified the amulet of Jew Ucw {Faith rCorr Str+4}
 12738 | D:9      | Identified the ring of Peefooce {Wiz rElec rN+ Slay+2}
 12911 | D:10     | Entered Level 10 of the Dungeon
 13084 | D:10     | Found an opulent altar of Gozag.
 13086 | D:10     | Found Gozag's Platinum Reserve.
 13096 | D:10     | Found a flagged portal.
 13102 | Bailey   | Entered a bailey
 13443 | Bailey   | Identified the +1 ring mail of Wougitut {Str+7}
 13444 | Bailey   | Noticed an orc knight
 13454 | Bailey   | Killed an orc knight
 13657 | Bailey   | Reached skill level 15 in Polearms
 13657 | Bailey   | Reached XP level 12. HP: 94/94 MP: 12/12
 13792 | D:10     | Reached skill level 10 in Dodging
 13843 | D:10     | Reached XP level 13. HP: 85/100 MP: 13/13
 14188 | Lair:1   | Entered Level 1 of the Lair of Beasts
 14686 | Lair:1   | Reached skill level 16 in Polearms
 15818 | Lair:2   | Reached skill level 10 in Stealth
 16128 | Lair:2   | Found a staircase to the Shoals.
 16147 | Lair:2   | HP: 5/103 [poisoned by a cane toad]
 16152 | Lair:2   | Noticed Nergalle
 16159 | Lair:2   | Killed Nergalle
 16450 | Lair:2   | Reached skill level 10 in Fighting
 17147 | Lair:3   | Reached XP level 14. HP: 106/110 MP: 14/14
 17490 | Lair:3   | Found a hole to the Spider Nest.
 17617 | Lair:3   | Reached skill level 17 in Polearms
 19946 | Lair:5   | Noticed Urug
 19976 | Lair:5   | Killed Urug
 20551 | Lair:6   | Entered Level 6 of the Lair of Beasts
 20717 | Lair:6   | Found a dark tunnel.
 20734 | Volcano  | Entered a volcano
 20963 | Volcano  | Noticed an orb of fire
 21245 | Volcano  | Reached XP level 15. HP: 119/119 MP: 15/15
 21507 | Volcano  | Reached skill level 18 in Polearms
 21551 | Volcano  | Noticed an orb of fire
 21836 | Lair:6   | Found a corrupted altar of Lugonu.
 21836 | Lair:6   | Found a one-way gate to the infinite horrors of the Abyss.
 22145 | Lair:6   | Identified the +1 robe of Thoughtfulness {Fly Dex+4}
 22426 | Lair:6   | Reached skill level 10 in Throwing
 22606 | Lair:6   | Reached ***** piety under Trog
 23160 | Lair:6   | Reached skill level 1 in Evocations
 23495 | Lair:6   | Found a staircase to the Slime Pits.
 24424 | D:11     | Found a stormy altar of Qazlal.
 24992 | D:11     | Received a gift from Trog
 25793 | D:11     | Found a staircase to the Orcish Mines.
 25800 | Orc:1    | Entered Level 1 of the Orcish Mines
 25806 | Orc:1    | Reached skill level 19 in Polearms
 25884 | Orc:1    | Noticed Maurice
 25892 | Orc:1    | Killed Maurice
 26612 | Orc:1    | Found Zedehop's Antique Weapon Shoppe.
 26968 | Orc:2    | Entered Level 2 of the Orcish Mines
 27661 | Orc:2    | Found a staircase to the Elven Halls.
 28116 | Orc:2    | Paralysed by an orc sorcerer for 7 turns
 28160 | Orc:2    | Received a gift from Trog
 28257 | Orc:2    | Found Dueheng's Distillery.
 28278 | Orc:2    | Found an ancient bone altar of Kikubaaqudgha.
 28294 | Orc:2    | Noticed Saint Roka
 28295 | Orc:2    | Reached XP level 16. HP: 127/127 MP: 16/16
 28305 | Orc:2    | Killed Saint Roka
 28318 | Orc:2    | Found Naheox's Distillery.
 28327 | Orc:2    | Noticed Erolcha
 28337 | Orc:2    | Killed Erolcha
 28485 | Orc:2    | Paralysed by an orc sorcerer for 2 turns
 28494 | Orc:2    | Found Osigop's Antique Armour Boutique.
 28551 | Orc:2    | Bought a potion of heal wounds for 55 gold pieces
 28551 | Orc:2    | Bought a potion of might for 44 gold pieces
 28581 | Orc:2    | Found Cieckor's Book Shop.
 28608 | Orc:2    | Found a radiant altar of Vehumet.
 28639 | Orc:2    | Bought a potion of haste for 130 gold pieces
 28639 | Orc:2    | Bought a potion of haste for 130 gold pieces
 28639 | Orc:2    | Bought 2 potions of might for 104 gold pieces
 29982 | D:13     | Identified the +2 buckler of the Dwarven Hall {rElec Str+2}
 30095 | D:13     | Received a gift from Trog
 30097 | D:13     | Reached skill level 20 in Polearms
 30170 | D:13     | Found a gate to the Vaults.
 30434 | D:13     | Noticed Snorg
 30444 | D:13     | Killed Snorg
 31163 | D:14     | Reached skill level 5 in Evocations
 31361 | Orc:2    | Bought shadow dragon scales for 2160 gold pieces
 32244 | D:14     | Reached skill level 15 in Dodging
 32298 | D:15     | Entered Level 15 of the Dungeon
 32817 | D:15     | Found a staircase to the Depths.
 32995 | D:15     | Received a gift from Trog
 33686 | D:6      | Killed NiggerDarts's ghost
 33753 | D:7      | Killed hurston's ghost
 33866 | Shoals:1 | Entered Level 1 of the Shoals
 33908 | Shoals:1 | Reached XP level 17. HP: 121/137 MP: 17/17
 34245 | Shoals:1 | Found Yhoastru's Armour Shoppe.
 34260 | Shoals:1 | Found a transporter.
 34603 | Shoals:1 | Found a glowing silver altar of Zin.
 34668 | Shoals:1 | Noticed theElss's ghost (journeyman GrBe)
 34669 | Shoals:1 | Found a transporter.
 35332 | Shoals:1 | Identified the +1 animal skin of Moral Flaws {rCorr}
 35600 | Shoals:2 | Found Exowkuch's Weapon Boutique.
 35600 | Shoals:2 | Found Irchasuesh's Book Shoppe.
 35607 | Shoals:2 | Reached ****** piety under Trog
 35827 | Shoals:2 | Received a gift from Trog
 36108 | Shoals:2 | Found Okhlaon's Magic Scroll Shop.
 36116 | Shoals:2 | Bought a scroll of enchant armour for 75 gold pieces
 36116 | Shoals:2 | Bought a scroll of enchant armour for 75 gold pieces
 36116 | Shoals:2 | Bought a scroll of fear for 35 gold pieces
 36116 | Shoals:2 | Bought a scroll of holy word for 75 gold pieces
 36118 | Shoals:2 | Found Duwuomagih's Magic Scroll Boutique.
 36319 | Shoals:2 | Found Enuxenimn's Armour Boutique.
 37071 | Shoals:3 | Reached skill level 10 in Armour
 37767 | Shoals:4 | Entered Level 4 of the Shoals
 37955 | Shoals:4 | Received a gift from Trog
 38172 | Shoals:4 | Reached XP level 18. HP: 147/147 MP: 18/18
 38919 | Shoals:4 | Got a barnacled rune of Zot
 40462 | Shoals:4 | Received a gift from Trog
 40928 | Spider:1 | Entered Level 1 of the Spider Nest
 41289 | Spider:1 | Reached skill level 15 in Fighting
 41972 | Spider:2 | Identified a scroll of acquirement
 41972 | Spider:2 | Acquired 775 gold pieces
 42104 | Spider:2 | Received a gift from Trog
 43164 | Spider:3 | Reached XP level 19. HP: 151/155 MP: 19/19
 43190 | Spider:3 | HP: 3/155 [disintegration (25)]
 43579 | Spider:3 | Reached skill level 21 in Polearms
 43856 | Spider:3 | Identified the +0 pair of boots of the Hills {+Blink}
 44307 | Spider:4 | Entered Level 4 of the Spider Nest
 44585 | Spider:4 | Noticed Asterion
 44593 | Spider:4 | Noticed Arachne
 44605 | Spider:4 | Killed Arachne
 44615 | Spider:4 | Killed Asterion
 47045 | Spider:4 | Reached skill level 10 in Evocations
 47756 | Spider:4 | Received a gift from Trog
 47967 | Spider:4 | Got a gossamer rune of Zot
 48477 | Vaults:1 | Entered Level 1 of the Vaults
 48733 | Vaults:1 | Reached skill level 22 in Polearms
 49098 | Vaults:1 | Found Vej Pur Kol's Magic Scroll Emporium.
 49103 | Vaults:1 | Bought a scroll of enchant armour for 90 gold pieces
 49113 | Vaults:1 | Bought a scroll of magic mapping for 42 gold pieces
 49375 | Shoals:2 | Bought a scroll of enchant weapon for 142 gold pieces
 49375 | Shoals:2 | Bought a scroll of acquirement for 988 gold pieces
 49375 | Shoals:2 | Acquired a manual of Shields
 49997 | Vaults:1 | Acquired the ring of Pavez {Fly rElec Will- Dex+6 SInv}
 50129 | Vaults:1 | Reached XP level 20. HP: 154/164 MP: 20/20
 50318 | Vaults:1 | Paralysed by a sphinx for 2 turns
 50460 | Vaults:1 | Received a gift from Trog
 50892 | Vaults:1 | Reached skill level 23 in Polearms
 51754 | Vaults:2 | Received a gift from Trog
 51823 | Vaults:2 | You are sucked into a shaft and drop 2 floors!
 52061 | Vaults:4 | Found Exora's General Store.
 52072 | Vaults:4 | Bought a potion of haste for 130 gold pieces
 52203 | Vaults:4 | Noticed Jory
 52216 | Vaults:4 | Killed Jory
 52760 | Vaults:3 | Found Jionim Pom's Distillery.
 52769 | Vaults:3 | Bought a potion of heal wounds for 90 gold pieces
 52769 | Vaults:3 | Bought a potion of heal wounds for 90 gold pieces
 52784 | Vaults:3 | Reached skill level 15 in Throwing
 52822 | Vaults:3 | Reached XP level 21. HP: 159/172 MP: 21/21
 53488 | Vaults:3 | Received a gift from Trog
 53489 | Vaults:3 | Reached skill level 24 in Polearms
 53610 | Vaults:3 | Noticed Xtahua
 53617 | Vaults:3 | Killed Xtahua
 53706 | Vaults:3 | Noticed Mara
 53714 | Vaults:3 | Noticed raph's illusion
 53725 | Vaults:3 | Killed Mara
 55201 | Vaults:2 | Found a staircase to the Crypt.
 55795 | Vaults:4 | Identified the +2 broad axe of Exoss {vorpal, Contam rF+
                  | rC+ Str+3}
 56114 | Vaults:4 | Noticed Bai Suzhen
 56128 | Vaults:4 | Killed Bai Suzhen
 56133 | Vaults:4 | Received a gift from Trog
 56406 | Vaults:4 | Identified the +0 scale mail "Gergho Ceoly" {+Inv Regen+}
 56808 | Vaults:4 | Noticed Sojobo
 57222 | Vaults:4 | Killed Sojobo
 57304 | Vaults:4 | Reached XP level 22. HP: 179/182 MP: 22/22
 57622 | Elf:1    | Entered Level 1 of the Elven Halls
 58145 | Elf:1    | Found Rumnunacit's Book Shoppe.
 58151 | Elf:1    | Found Buuleeb's Weapon Emporium.
 58325 | Elf:1    | Received a gift from Trog
 59451 | Elf:2    | Cast into level 2 of the Abyss (a deep elf sorcerer)
 59706 | Elf:2    | Escaped the Abyss
 60030 | Elf:2    | Received a gift from Trog
 60072 | Elf:2    | Found a huge runed translucent gate.
 60072 | Elf:2    | Found a huge runed translucent gate.
 60072 | Elf:2    | Found a huge runed translucent gate.
 60072 | Elf:2    | Found a huge runed translucent gate.
 60072 | Elf:2    | Found a huge runed translucent gate.
 60257 | Elf:2    | Noticed Aizul
 60266 | Elf:2    | Killed Aizul
 61086 | Elf:2    | Received a gift from Trog
 61616 | Elf:3    | Entered Level 3 of the Elven Halls
 61725 | Elf:3    | Found a transporter.
 61729 | Elf:3    | Found a transporter.
 61729 | Elf:3    | Noticed JackAllcraft's ghost (adept GnWn)
 62466 | Elf:3    | Paralysed by an air elemental for 1 turns
 63468 | Elf:3    | Paralysed by an air elemental for 1 turns
 63473 | Elf:3    | Reached XP level 23. HP: 127/192 MP: 23/23
 63478 | Elf:3    | Received a gift from Trog
 63662 | Elf:3    | Cast into level 2 of the Abyss (a deep elf sorcerer)
 63930 | Elf:3    | Escaped the Abyss
 63930 | Elf:3    | Identified the +1 leather armour "Cuomn" {*Corrode Fly rF+}
 63969 | Elf:3    | Cast into level 3 of the Abyss (a deep elf demonologist)
 64107 | Elf:3    | Escaped the Abyss
 64331 | Elf:3    | Identified the +2 battleaxe "Ixtaz" {holy, Str+3}
 64368 | Elf:3    | Paralysed by an orc sorcerer for 6 turns
 64636 | Elf:3    | Identified the amulet "Datzuiry" {Faith rC+ Int+2 Dex-4}
 64656 | Elf:3    | Identified the ring of Deisuxipt {rPois rC+ rN+ Will-}
 64671 | Elf:3    | Identified the +10 war axe of Abbamuq {venom, *Corrode
                  | Str+10}
 64677 | Elf:3    | Identified the +3 spear of Premature Burial {vorpal, rC+
                  | Str-4 Int+4}
 64678 | Elf:3    | Identified the +12 dagger of Qev Hife {pain, *Slow Int+6
                  | SInv}
 64730 | Elf:3    | Acquired a +4 ring of protection
 64776 | Elf:3    | Identified the +1 chain mail "Mohuuvil" {Fly rElec rPois
                  | Slay-4}
 65247 | Vaults:4 | Bought the +0 cloak "Suggie" {rPois Stlth+} for 240 gold
                  | pieces
 65462 | Depths:1 | Entered Level 1 of the Depths
 65482 | Depths:1 | Found Bidig's Assorted Antiques.
 65496 | Depths:1 | Bought a scroll of enchant armour for 277 gold pieces
 65871 | Depths:1 | Paralysed by a floating eye for 3 turns
 66214 | Depths:1 | Found a gateway to Hell.
 66748 | Depths:2 | Found a one-way gate leading to the halls of Pandemonium.
 67055 | Depths:2 | Received a gift from Trog
 67221 | Depths:2 | Paralysed by a sphinx for 5 turns
 67404 | Depths:2 | Found the +3 pair of seven-league boots {Rampage+∞}
 68238 | Depths:2 | Reached XP level 24. HP: 182/203 MP: 23/23
 68368 | Depths:2 | Received a gift from Trog
 68599 | Depths:3 | Cast into level 3 of the Abyss (a wizard)
 68795 | Depths:3 | Escaped the Abyss
 69197 | Depths:3 | Reached skill level 15 in Stealth
 69558 | Depths:4 | Entered Level 4 of the Depths
 69573 | Depths:4 | Found a flickering gateway to a bazaar.
 69588 | Bazaar   | Entered a bazaar
 69590 | Bazaar   | Found Jonir's Antique Weapon Boutique.
 69594 | Bazaar   | Found Dueqyade's Weapon Boutique.
 69594 | Bazaar   | Found Sikumnen's General Store.
 69595 | Bazaar   | Found Dun Loph's Jewellery Boutique.
 69600 | Bazaar   | Bought a potion of might for 68 gold pieces
 69627 | Bazaar   | Bought a scroll of silence for 127 gold pieces
 69627 | Bazaar   | Bought a scroll of silence for 127 gold pieces
 69967 | Depths:4 | Found a one-way gateway to a ziggurat.
 69967 | Depths:4 | Noticed Boris
 69981 | Depths:4 | Killed Boris
 70358 | Depths:4 | Reached skill level 15 in Evocations
 70382 | Depths:4 | Found an ornate altar of the Wu Jian Council.
 70968 | Depths:4 | Found a gate to the Realm of Zot.
 71207 | Depths:3 | Voluntarily entered the Abyss.
 71671 | Abyss:2  | Found a viscous altar of Jiyva.
 71720 | Abyss:3  | Found a corrupted altar of Lugonu.
 72004 | Abyss:3  | Found a corrupted altar of Lugonu.
 73003 | Abyss:4  | Found a corrupted altar of Lugonu.
 73098 | Abyss:4  | Gained mutation: You expend magic power (3 MP) to
                  | strengthen your wands. [a neqoxec]
 73115 | Abyss:4  | Paralysed by accursed screaming for 1 turns
 73123 | Abyss:4  | Paralysed by accursed screaming for 1 turns
 73138 | Abyss:4  | Found a candlelit altar of Ignis.
 73147 | Depths:3 | Escaped the Abyss
 73424 | Depths:3 | Identified the +7 spear of Qihow {vorpal, rElec} (Trog
                  | gifted it to you on level 3 of the Depths)
 73424 | Depths:3 | Received a gift from Trog
 73692 | Vaults:5 | Entered Level 5 of the Vaults
 74359 | Vaults:5 | Reached XP level 25. HP: 212/214 MP: 23/23
 74819 | Vaults:5 | Identified the +8 glaive of Vanity {chaos, rPois rC- rN+++
                  | MP-9}
 75159 | Vaults:5 | Slain by a vault warden

Illustrated notes

Levels and vault maps discovered:
D:1:      tarquinn_simple_flora_water_a, layout_loops_corners,
          wad_floor_pattern_untrapped
D:2:      layout_basic, shapermc_ecumenical_altar_gd
D:3:      layout_rooms, gammafunk_temple_overflow_statue, uniq_grinder
D:4:      layout_basic, minmay_crossroads, uniq_duvessa, uniq_robin,
          uniq_menkaure
D:5:      layout_loops_ring, minmay_temple_entry_gardened_gates
D:6:      layout_basic, nicolae_hepliaklqana_hippocampus, gammafunk_ghost_grave,
          grunt_ministairs_10
D:7:      layout_loops_ring, hellmonk_ghost_happy_afterlife, chequers_big_river
D:8:      layout_cave_pools, mainiacjoe_overflow_large_starburst,
          due_lair_maze_entry_diamond
D:9:      minmay_the_grid_triangle_9x9_rhombus_thin
          [minmay_the_grid_triangle_9x9_wacky_v,
          minmay_the_grid_triangle_9x9_prize_special,
          minmay_the_grid_triangle_9x9_flanged_cone,
          minmay_the_grid_triangle_9x9_zippers_horizontal], layout_basic,
          grunt_temple_overflow_order_and_chaos_2, hangedman_ru_absence,
          roderic_cross_of_infinity, minmay_door_square
D:10:     layout_rooms, nicolae_gozag_zags_fifth_avenue, enter_bailey_2
D:11:     layout_roguey, hiddenorc1_lemuel, nicolae_qazlal_general_emergency
D:12:     minmay_connected_triangles_in_corner, layout_rooms
D:13:     gammafunk_indiana_jones, layout_loops_ring,
          skrybe_vaults_entry_preservation, uniq_snorg
D:14:     statuecave_lemuel, layout_cave_pools, kennysheep_flooded_box
D:15:     hangedman_depths_entry_try_elsewhere_first, layout_basic, minivault_24
Lair:1:   layout_regular_city, lemuel_old_faithful
Lair:2:   layout_misc_corridors, minmay_shoals_entry_centaurs,
          columned_hall_lemuel, minmay_stone_trees_medium, uniq_nergalle
Lair:3:   layout_misc_corridors, spider_nest_entry_web_field
Lair:4:   layout_regular_city
Lair:5:   layout_hall_layers, minmay_lair_drake_nest, grunt_megastairs_4,
          uniq_urug
Lair:6:   hellmonk_lair_end_abyssal_woods, layout_gridlike, slime_dummy,
          nicolae_volcano_entry_vermiform, gauntlet_entry_generic,
          minmay_hedge_maze
Shoals:1: argonaut_golden_fleece, layout_shoals, ebering_ghost_davey_jones,
          serial_shops, shop, lemuel_centaur_altar
Shoals:2: layout_shoals, serial_shops, shop, nicolae_shop_advertising_works
          [nicolae_subvault_shop_adworks], shop, shop_fountains,
          nicolae_shop_hallway_plus
Shoals:3: cheibrodos_shoals_three_sisters, layout_shoals,
          nicolae_shoals_sun_and_surf
Shoals:4: shoals_end_hellmonk_lost_city
Spider:1: layout_spider_delve
Spider:2: layout_spider_delve
Spider:3: layout_cave_pods, hangedman_spider_tarantella_strand
Spider:4: spider_rune_water, hellmonk_narrow_tunnel, uniq_arachne, uniq_asterion
Orc:1:    layout_caves, serial_shops, shop, nooodl_orcs_dogs, uniq_maurice
Orc:2:    kennysheep_orc_mage_school, layout_caves, uniq_saint_roka
Elf:1:    eino_elf_arrival_customs, layout_onion_city, minmay_elf_necromancy,
          minmay_shoptagon
Elf:2:    elven_hall_of_blades_hangedman_alternative
          [nicolae_blade_entry_area_security], layout_geoelf_octagon,
          palyth_stone_intersect, glass_columns_a,
          nicolae_elf_elemental_lessons, uniq_aizul
Elf:3:    minmay_elf_hall, layout_geoelf_grid, gammafunk_ghost_arena,
          billiards_dpeg
Vaults:1: v_pattern_5, nicolae_vaults_quadrants, hangedman_vaults_stream,
          nicolae_vaults_disjoint_gnomons, nicolae_vaults_angled_halls,
          vaults_standard_mumra_x, hangedman_vaults_impose, vaults_room_grid,
          v_rooms_1, ontoclasm_vaults_spin, vaults_room_large_hall,
          vaults_room_hallway, layout_vaults_omnibox, serial_shops,
          nicolae_shop_crystal
Vaults:2: v_misc_26, vaults_room_boxed, v_misc_32, v_alt_pattern_4,
          vaults_mumra_chevron_long, nicolae_vaults_specimen_jars, v_misc_5,
          nicolae_vaults_circle_grid_b, minmay_crypt_entry_simple_statues,
          vaults_mumra_hexcomb, vaults_room_stairs_pillars, layout_vaults_ring
Vaults:3: nicolae_vaults_little_squares_4, ontoclasm_vaults_pinch,
          grunt_vaults_diagonal, v_alt_pattern_3, nicolae_vaults_what_the_h,
          vaults_mumra_lcd, vaults_standard_mumra_enter_the_diamond,
          vaults_mumra_chevron, vaults_mumra_minichess, vaults_dpeg_cross,
          vaults_dpeg_encased_lava, layout_vaults_omnicross, serial_shops,
          nicolae_diamond_shop, uniq_xtahua, uniq_mara
Vaults:4: hangedman_vaults_unwind, vaults_room_semicircle,
          hangedman_vaults_locks, nicolae_vaults_network_square,
          vaults_room_corners, nicolae_vaults_twisting_passages,
          nicolae_vaults_mini_display_case, st_smaller_cells,
          layout_vaults_omnigrid, serial_shops, nicolae_shop_crystal,
          uniq_bai_suzhen, uniq_sojobo, uniq_jory
Vaults:5
Depths:1: layout_twisted_cross, grunt_hell_entry_dis_old, corexii_corridor_pit,
          hangedman_abyss_or_decor_clamps, serial_sigils_hangedman_scratch,
          dispersion_dpeg, minmay_shop_star, infiniplex_staircase_pool_lava,
          serial_bayou_shore_b
Depths:2: minmay_quarter_circles, layout_cave_pools, minmay_misc_feat_rows,
          pan_entry, pf_hell_entry_great_geh,
          hellmonk_guarded_unrand_seven_league_boots, firewood_loft
Depths:3: kennysheep_scales, layout_basic, abyss_entry, hell_entry,
          infiniplex_staircase_9_rooms
Depths:4: grunt_zot_entry_hairpin, layout_cave_pools, enter_ziggurat_a,
          serial_shops, bzr_in_the_mist, pan_entry, nzn_wu_jian_council_hall,
          hell_entry, nrook_pool_corridor, uniq_boris

Skill      XL: |  1  2  3  4  5  6  7  8  9 10 11 12 13 14 15 16 17 18 19 20 21 22 23 24 25 |
---------------+----------------------------------------------------------------------------+-----
Polearms       | 5 6 7 8 9 11 12 13 15 16 17 19 20 22 23 24 | 24.0
Dodging        | 3 5 6 7 9 10 11 13 14 15 16 17 18 19 20 21 22 23 | 23.2
Stealth        | 1 3 5 6 8 10 11 12 13 14 15 16 | 16.1
Shields        | 1 3 4 5 6 |  6.5
Fighting       | 4 5 7 8 10 11 12 13 14 15 16 17 18 19 21 | 21.4
Armour         | 2 3 4 5 6 7 8 9 10 11 12 13 14 | 14.5
Throwing       | 1 3 4 6 8 9 10 11 12 13 14 15 16 17 18 | 18.3
Evocations     | 3 6 8 9 10 11 12 13 14 15 | 15.6

Action                   |  1- 3 |  4- 6 |  7- 9 | 10-12 | 13-15 | 16-18 | 19-21 | 22-24 | 25-27 || total
-------------------------+-------+-------+-------+-------+-------+-------+-------+-------+-------++-------
Melee: Spear             |    90 |       |       |       |       |       |       |       |       ||    90
       Trident           |    18 |   124 |   261 |   255 |    61 |    23 |       |       |       ||   742
       Glaive            |       |       |       |   177 |  1260 |   979 |       |       |       ||  2416
       Punch             |       |       |       |       |     1 |       |       |       |       ||     1
       Bardiche          |       |       |       |       |       |   342 |  1401 |  1972 |   107 ||  3822
Throw: Dart              |     1 |       |     1 |       |    17 |       |       |       |       ||    19
       Boomerang         |       |       |    14 |    10 |   173 |   212 |    77 |   144 |    28 ||   658
       Javelin           |       |       |       |       |    12 |    24 |    28 |     9 |       ||    73
       Throwing net      |       |       |       |       |       |       |     2 |       |       ||     2
Invok: Berserk           |     2 |     6 |    14 |    16 |    33 |    13 |    14 |    12 |     2 ||   112
       Trog's Hand       |       |       |       |     2 |     6 |     7 |    14 |    15 |     4 ||    48
       Brothers in Arms  |       |       |       |     1 |     3 |     2 |     5 |     7 |       ||    18
Evoke: Phial of floods   |       |       |       |     1 |       |       |       |       |       ||     1
       Wand              |       |       |       |       |     4 |       |     3 |     3 |       ||    10
       Condenser vane    |       |       |       |       |       |     2 |     1 |     2 |       ||     5
       Phantom mirror    |       |       |       |       |       |       |       |     1 |       ||     1
  Use: Scroll            |     5 |     1 |     9 |     6 |    20 |    12 |    10 |     5 |     6 ||    74
       Potion            |       |       |       |     3 |     2 |     1 |     8 |     8 |       ||    22
 Stab: Sleeping          |     5 |     4 |       |     3 |     5 |    36 |    53 |    50 |       ||   156
       Distracted        |       |       |     1 |       |     5 |    14 |    12 |    32 |     2 ||    66
Armor: Animal skin       |    17 |     4 |       |       |       |       |       |       |       ||    21
       Leather armour    |       |    15 |       |       |       |       |       |       |       ||    15
       Chain mail        |       |       |   106 |   156 |   624 |    58 |       |       |       ||   944
       Shadow dragon sca |       |       |       |       |       |   535 |   495 |   503 |    75 ||  1608
Dodge: Dodged            |    35 |    36 |    58 |   243 |   894 |  1316 |  1116 |  1541 |   153 ||  5392
Block: Buckler           |    10 |    11 |    43 |    54 |       |       |       |       |       ||   118
